 Dungeon Crawl Stone Soup version 0.22.1-2-g9c5b331 (webtiles) character file.

133 TheZackster the Covered (level 4, -3/40 HPs)
             Began as a Minotaur Fighter on Aug 18, 2018.
             Was an Initiate of Dithmenos.
             Slain by a phantom (9 damage)
             ... on level 4 of the Dungeon on Dec 22, 2018.
             The game lasted 00:36:30 (4809 turns).

TheZackster the Covered (Minotaur Fighter)          Turns: 4809, Time: 00:36:31

Health: -3/40      AC:  3    Str: 22    XL:     4   Next: 94%
Magic:  3/3        EV:  9    Int:  5    God:    Dithmenos [......]
Gold:   118        SH:  9    Dex:  9    Spells: 3/3 levels left

rFire    . . .     SeeInvis .   x - +1 hand axe (chop)
rCold    + . .     Gourm    .   E - +0 shield
rNeg     . . .     Faith    .   e - +0 leather armour
rPois    .         Spirit   .   (helmet restricted)
rElec    .         Reflect  .   (no cloak)
rCorr    .         Harm     .   (no gloves)
MR       .....                  (no boots)
Stlth    +.........             (no amulet)
HPRegen  0.13/turn              A - ring of protection from cold
MPRegen  0.08/turn              (no ring)

@: no status effects
A: retaliatory headbutt, horns 2
a: Renounce Religion


You were on level 4 of the Dungeon.
You worshipped Dithmenos.
Dithmenos was noncommittal.
You were not hungry.

You visited 1 branch of the dungeon, and saw 4 of its levels.

You collected 118 gold pieces.

Inventory:

Hand Weapons
 a - a +0 war axe
 f - a +0 club
 l - a +0 hunting sling
 r - a +4 mace
 x - a +1 hand axe of chopping (weapon)
 y - a +0 flail
Missiles
 m - 22 poisoned needles
 o - 55 stones (quivered)
Armour
 b - a +0 scale mail
 c - a +0 shield
 e - a +0 leather armour (worn)
 k - a cursed +0 scale mail
 C - a +0 ring mail
 E - a +0 shield (worn)
Jewellery
 A - a ring of protection from cold (left hand)
Scrolls
 g - a scroll of immolation {unknown}
 h - a scroll of remove curse {unknown}
 i - a scroll of amnesia {unknown}
 q - a scroll of fear {unknown}
 s - a scroll of enchant armour {unknown}
 u - 2 scrolls of identify {unknown}
 B - a scroll of random uselessness {unknown}
Potions
 d - 2 potions of might
 j - a potion of heal wounds {unknown}
 n - a potion of mutation {unknown}
 p - 2 potions of brilliance {unknown}
 t - 2 potions of curing {unknown}
 v - a potion of flight {unknown}
 w - a potion of lignification {unknown}
 z - a potion of degeneration {unknown}
Comestibles
 D - a chunk of flesh


   Skills:
 + Level 4.3 Fighting
 + Level 3.6 Axes
 + Level 0.4 Slings
 * Level 4.9 Armour
 + Level 1.0 Dodging
 + Level 0.3 Stealth
 + Level 4.2 Shields


You had 3 spell levels left.
You didn't know any spells.
Your spell library was empty.

Dungeon Overview and Level Annotations

Branches:
Dungeon (4/15)
 Temple: D:4-7

Altars:
Dithmenos

Shops:
D:4 (


Innate Abilities, Weirdness & Mutations

You reflexively headbutt those who attack you in melee.
You have a pair of horns on your head.


Message History

You barely miss the phantom. You headbutt the phantom.
The phantom is severely damaged.
The phantom hits you.
* * * LOW HITPOINT WARNING * * *
You hit the phantom.
The phantom is severely damaged.
You block the phantom's attack.
You hit the phantom but do no damage.
The phantom is severely damaged.
You block the phantom's attack.
You barely miss the phantom.
The phantom is severely damaged.
The phantom blinks!
You closely miss the phantom.
The phantom is severely damaged.
The phantom blinks!
The phantom blinks!
The phantom blinks!
The phantom hits you!
You die...

................#....#.#
.#...................#.#
.#.##.........#.∩.#....#
.#................)..###
.#...####....#..#.####
##...####....#....#
'.................####
#..............W.....#
#........##.....@(...#
#....######....#.....#
#....# #....#.....#
###### #....#.....#
#....#.....#
############


You could see a phantom.

Vanquished Creatures
  4 adders
  An ooze (D:2)
  A worm (D:2)
  3 dart slugs
  3 leopard geckos
  10 orcs
  6 ball pythons
  2 bats (D:1)
  6 giant cockroaches
  5 goblins
  5 hobgoblins
  5 jackals
  2 quokkas
  A frilled lizard (D:3)
  7 kobolds
  A leopard gecko skeleton (D:4)
  4 rats
66 creatures vanquished.

Notes
Turn   | Place    | Note
-------+----------+-------------------------------------------
     0 | D:1      | TheZackster the Minotaur Fighter began the quest for the
                  | Orb.
     0 | D:1      | Reached XP level 1. HP: 19/19 MP: 0/0
    35 | D:1      | Upgraded the game from 0.22.0-18-ge075c0d to
                  | 0.22.1-2-g9c5b331
   224 | D:1      | Reached XP level 2. HP: 13/27 MP: 1/1
  1815 | D:2      | Reached XP level 3. HP: 31/33 MP: 2/2
  3352 | D:2      | Reached XP level 4. HP: 39/40 MP: 3/3
  3672 | D:3      | Found a shadowy altar of Dithmenos.
  4402 | D:3      | Became a worshipper of Dithmenos the Shadowed
  4632 | D:4      | Reached skill level 1 in Dodging
  4677 | D:4      | Found Bowayn's Antique Weapon Shop.
  4707 | D:4      | Noticed a phantom
  4809 | D:4      | Slain by a phantom

Skill      XL: |  1  2  3  4 |
---------------+-------------+-----
Armour         | 4 |  4.9
Fighting       | 4 |  4.3
Axes           | 3 |  3.6
Shields        | 4 |  4.2
Dodging        | 1 |  1.0
Slings         | |  0.4
Stealth        | |  0.3

Action                   |  1- 3 |  4- 6 || total
-------------------------+-------+-------++-------
Melee: War axe           |    86 |    17 ||   103
       Headbutt          |    13 |     9 ||    22
       Hand axe          |       |    40 ||    40
       Mace              |       |     2 ||     2
 Fire: Hunting sling     |       |     7 ||     7
Throw: Stone             |       |     1 ||     1
  Eat: Ration            |     2 |       ||     2
       Chunk             |       |     5 ||     5
Armor: Leather armour    |    25 |    15 ||    40
Dodge: Dodged            |    41 |    27 ||    68
Block: Shield            |    65 |    37 ||   102
